 Dungeon Sprint DCSS version 0.27.1-1-g398f81649c (webtiles) character file.

Game seed: 1621566224195569029

425 boopmooplesden the Cruncher (level 6, 0/58 HPs)
             Began as a Minotaur Gladiator on Sept 18, 2021.
             Was an Initiate of Okawaru.
             Slain by Sonja (3 damage)
             ... in the Dungeon (Sprint I: "Red Sonja").
             The game lasted 00:01:49 (729 turns).

boopmooplesden the Cruncher (Minotaur Gladiator)     Turns: 729, Time: 00:01:50

Health: 0/58       AC:  3    Str: 21    XL:     6   Next: 64%
Magic:  5/5        EV: 15    Int:  5    God:    Okawaru [......]
Gold:   297        SH:  0    Dex: 11    Spells: 5/5 levels left

rFire    . . .     SeeInvis .   a - +0 quarterstaff
rCold    . . .     Faith    .   (shield currently unavailable)
rNeg     . . .     Spirit   .   b - +0 leather armour
rPois    .         Reflect  .   c - +0 hat
rElec    .         Harm     .   (no cloak)
rCorr    .         Rampage  .   (no gloves)
Will     .....     NoTele   +   (no boots)
Stlth    +.........             (no amulet)
HPRegen  0.19/turn              (no ring)
MPRegen  0.09/turn              (no ring)

@: on berserk cooldown, hasted and slowed
A: horns 2, retaliatory headbutt
a: Renounce Religion


You were in the Dungeon.
You worshipped Okawaru.
Okawaru was noncommittal.
You visited 1 branch You collected 297 gold pieces.

Inventory:

Hand Weapons
 a - a +0 quarterstaff (weapon)
Armour
 b - a +0 leather armour (worn)
 c - a +0 hat (worn)
Jewellery
 k - a ring of magical power
Scrolls
 j - a scroll of blinking
Potions
 h - 2 potions of magic


   Skills:
 + Level 6.3 Fighting
 + Level 10.7 Staves
 + Level 5.5 Throwing
 + Level 3.8 Armour
 + Level 9.7 Dodging
 + Level 0.2 Stealth


You had 5 spell levels left.
You didn't know any spells.
Your spell library was empty.

Dungeon Overview and Level Annotations

Branches:
Dungeon (1/1)

Altars:
Cheibriados
Dithmenos
Elyvilon
Fedhas
Gozag
Hepliaklqana
Kikubaaqudgha
Makhleb
Nemelex Xobeh
Okawaru
Qazlal
Ru
Sif Muna
Trog
Uskayaw
Vehumet
Wu Jian
Xom
Yredelemnul
Zin
The Shining One
Jiyva
Lugonu

Shops:
D !

Annotations:
D Sonja


Innate Abilities, Weirdness & Mutations

You have a pair of horns on your head.
You reflexively headbutt those who attack you in melee.


Message History

Sonja blinks!
Unknown command.
You feel better.
Sonja casts a spell.
Sonja blinks!
You feel much better.
Sonja throws a curare-tipped dart.
The curare-tipped dart misses you.
Sonja shouts, "Too slow!"
You feel yourself speed up.
Sonja hits you with a +1 dagger of distortion.
Sonja barely misses you.
Sonja hits you with a +1 dagger of distortion.
You miss Sonja.
Sonja is lightly wounded.
Sonja closely misses you.
Sonja hits you with a +1 dagger of distortion.
Sonja completely misses you.
Sonja hits you with a +1 dagger of distortion.
Sonja closely misses you.
Sonja hits you with a +1 dagger of distortion.
Space warps horribly around you!
* * * LOW HITPOINT WARNING * * *
Throw: throwing net
Press: ? - help, Q - select action Shift-Dir - straight line, f/p - Sonja
Aim: Sonja, wielding a +1 dagger of distortion and quivering curare-tipped darts (lightly wounded, 13% to hit)
You throw a throwing net. The throwing net hits Sonja.
Sonja is caught in the net!
Sonja is lightly wounded.
Sonja struggles against the net.
You thump Sonja!
Sonja is heavily wounded.
Sonja mumbles some strange words.
Sonja blinks!
There is a radiant altar of Vehumet, spattered with blood here.
You see here a throwing net.
Sonja gestures wildly while chanting.
Sonja blinks!
Sonja hits you but does no damage. Space bends around you.
* * * LOW HITPOINT WARNING * * *
Sonja hits you with a +1 dagger of distortion.
You die...

################ ##
#<.#..').#..'..#__#
#..').#..').#..+J.+
#..#####'#####'#__#
#..####..#§..#(# ##
#..#__####..##.#
#..#_____##'#_.+
#⌠⌠#_.∩...†@.._#
####_..__##§K#+#
#___§_###'# #######
#.# $.$ $.$# ##.##
#+#


You could see Sonja.

Vanquished Creatures
  Sigmund (D)
  A yak (D)
  An ogre (D)
  A jelly (D)
  Ijyb (D)
5 creatures vanquished.

Notes
Turn   | Place    | Note
-------+----------+-------------------------------------------
     0 | D        | boopmooplesden the Minotaur Gladiator began the quest for
                  | the Orb.
     0 | D        | Reached XP level 1. HP: 18/18 MP: 0/0
     1 | D        | Noticed Ijyb
    18 | D        | Killed Ijyb
    19 | D        | Reached skill level 5 in Staves
    19 | D        | Reached skill level 5 in Dodging
    19 | D        | Reached XP level 2. HP: 6/26 MP: 1/1
   269 | D        | Noticed an ogre
   273 | D        | Killed an ogre
   274 | D        | Reached skill level 7 in Staves
   274 | D        | Reached skill level 1 in Armour
   274 | D        | Reached XP level 3. HP: 34/34 MP: 2/2
   274 | D        | Reached XP level 4. HP: 41/41 MP: 3/3
   385 | D        | Noticed Sigmund
   400 | D        | Killed Sigmund
   401 | D        | Reached skill level 5 in Fighting
   401 | D        | Reached skill level 9 in Staves
   401 | D        | Reached XP level 5. HP: 29/48 MP: 4/4
   529 | D        | Found a burning altar of Makhleb.
   529 | D        | Found a viscous altar of Jiyva.
   529 | D        | Found a shimmering altar of Xom.
   529 | D        | Found a corrupted altar of Lugonu.
   529 | D        | Noticed a slime creature
   531 | D        | Found an ornate altar of the Wu Jian Council.
   531 | D        | Found a shimmering blue altar of Sif Muna.
   533 | D        | Found a radiant altar of Vehumet.
   540 | D        | Reached XP level 6. HP: 30/57 MP: 5/5
   682 | D        | Found Negac's Distillery.
   682 | D        | Found an ancient bone altar of Kikubaaqudgha.
   682 | D        | Found a hazy altar of Hepliaklqana.
   682 | D        | Found a stormy altar of Qazlal.
   682 | D        | Found a hide-covered altar of Uskayaw.
   682 | D        | Found a blossoming altar of Fedhas.
   682 | D        | Found a bloodstained altar of Trog.
   682 | D        | Found an iron altar of Okawaru.
   682 | D        | Found a basalt altar of Yredelemnul.
   682 | D        | Found a glowing golden altar of the Shining One.
   682 | D        | Found a snail-covered altar of Cheibriados.
   682 | D        | Found a sacrificial altar of Ru.
   682 | D        | Found a glowing silver altar of Zin.
   682 | D        | Found a shadowy altar of Dithmenos.
   682 | D        | Found a white marble altar of Elyvilon.
   682 | D        | Noticed a yak
   687 | D        | Killed a yak
   688 | D        | Reached skill level 10 in Staves
   688 | D        | Reached skill level 5 in Throwing
   688 | D        | Found an opulent altar of Gozag.
   690 | D        | Found a sparkling altar of Nemelex Xobeh.
   695 | D        | Became a worshipper of Warmaster Okawaru
   702 | D        | Noticed Sonja
   729 | D        | Slain by Sonja

Illustrated notes

Levels and vault maps discovered:
D:        dungeon_sprint_1 [red_sonja_temple_1, red_sonja_temple_small_1]

Skill      XL: |  1  2  3  4  5  6 |
---------------+-------------------+-----
Fighting       | 3 4 5 6 |  6.3
Staves         | 5 7 9 10 | 10.7
Dodging        | 5 6 8 9 |  9.7
Throwing       | 3 4 5 |  5.5
Armour         | 1 3 |  3.8
Stealth        | |  0.2

Action                   |  1- 3 |  4- 6 || total
-------------------------+-------+-------++-------
Melee: Quarterstaff      |    17 |    30 ||    47
       Headbutt          |     2 |     9 ||    11
Throw: Throwing net      |     2 |     5 ||     7
  Use: Potion            |       |     4 ||     4
 Stab: Held in net/web   |       |     1 ||     1
Armor: Leather armour    |       |     1 ||     1
Dodge: Dodged            |     7 |    21 ||    28
